Map: Stasis LE

Players

Cellsidus

  • Race: Zerg Zerg
  • League: Master
  • Spawn Location: 1:00

MarineKing - Winner!

  • Race: Terran Terran
  • League: Master
  • Spawn Location: 11:00

VOD

Have the link to the VOD?

Description

Time

  • Played on: Dec. 14, 2018, 2:36 p.m.
  • Length: 26:13
Show
View Real Time Build Order
Export as new Build Order

Cellsidus Zerg 

Build Orders: Hatch First, Roach Hydra 

Get SALT Encoding   

  12  0:01  Drone  
  13  0:13  Overlord  
  13  0:18  Drone  
  14  0:32  Drone x2  
  16  0:36  Drone  
  17  0:54  Hatchery  
  16  0:57  Drone  
  16  1:00  Drone  
  18  1:11  Extractor  
  17  1:16  Spawning Pool  
  16  1:19  Drone  
  16  1:22  Drone  
  18  1:29  Drone  
  19  1:41  Overlord  
  19  1:51  Drone  
  20  2:04  Zergling x2, Queen  
  20  2:06  Zergling x2, Queen  
  26  2:11  Metabolic Boost  
  26  2:12  Drone  
  27  2:17  Drone  
  27  2:22  Drone  
  29  2:26  Spore Crawler  
  29  2:28  Drone  
  29  2:35  Drone  
  30  2:43  Queen  
  30  2:44  Overlord  
  33  2:45  Drone  
  34  2:54  Drone x2  
  35  3:07  Hatchery  
  35  3:09  Drone  
  35  3:10  Drone  
  36  3:18  Drone x5  
  41  3:20  Drone  
  41  3:24  Overlord  
  42  3:29  Overlord  
  42  3:35  Drone x2  
  44  3:43  Drone  
  44  3:46  Extractor  
  44  3:47  Roach Warren  
  43  3:50  Drone  
  43  3:51  Drone x2  
  43  3:52  Zergling x6  
  43  3:53  Zergling x2  
  43  3:55  Zergling x2  
  51  4:03  Lair  
  51  4:07  Evolution Chamber  
  51  4:08  Drone x2  
  52  4:10  Extractor  
  52  4:15  Drone x2  
  53  4:21  Drone  
  53  4:24  Spore Crawler x2, Drone  
  53  4:25  Drone  
  53  4:28  Queen  
  53  4:39  Roach x4  
  60  4:50  Zerg Missile Weapons Level 1  
  60  4:52  Roach x3  
  66  4:54  Overlord  
  66  4:56  Overlord  
  66  5:00  Overseer  
  66  5:07  Drone  
  66  5:13  Drone x4  
  69  5:16  Queen  
  69  5:18  Drone  
  69  5:19  Drone x3  
  73  5:35  Queen  
  69  5:37  Roach x5  
  81  5:46  Spore Crawler  
  81  5:47  Glial Reconstitution  
  81  5:49  Drone x2  
  82  5:52  Overlord x2  
  78  6:07  Roach  
  78  6:08  Roach  
  82  6:15  Drone x4  
  82  6:16  Drone x7  
  82  6:17  Drone  
  94  6:22  Ravager x2  
  94  6:23  Overlord x2, Ravager x2  
  94  6:25  Overlord  
  83  6:47  Roach x4  
  83  6:48  Roach, Zergling x10  
  88  6:58  Hydralisk Den, Drone  
  88  7:01  Drone  
  86  7:02  Drone x2  
  86  7:04  Extractor  
  86  7:05  Extractor  
  86  7:09  Drone x4  
  86  7:10  Drone x2  
  86  7:14  Pneumatized Carapace  
  92  7:16  Overseer  
  92  7:19  Roach  
  92  7:20  Roach  
  96  7:29  Muscular Augments  
  96  7:34  Extractor  
  96  7:35  Hatchery, Hydralisk x2  
  98  7:40  Hydralisk x2  
  98  7:43  Zergling x8  
  106  7:45  Hydralisk  
  106  7:51  Drone  
  108  7:52  Hydralisk x2  
  108  7:54  Zergling x4  
  108  7:55  Zergling x10  
  108  7:58  Baneling Nest, Drone  
  119  8:13  Zerg Melee Weapons Level 1  
  119  8:15  Drone  
  119  8:17  Evolution Chamber  
  119  8:27  Hydralisk  
  119  8:28  Zergling x2  
  119  8:29  Overlord  
  119  8:30  Overlord x4  
  120  8:42  Centrifical Hooks  
  120  8:43  Zerg Ground Armor Level 1  
  120  8:45  Zergling x4  
  121  8:52  Baneling x7  
  121  8:55  Hydralisk  
  121  8:56  Zergling x10, Hydralisk x2  
  121  8:57  Zergling x14  
  121  8:58  Zergling x2  
  121  9:00  Baneling x4  
  123  9:19  Hydralisk x3  
  123  9:20  Roach, Zergling x10, Hydralisk  
  123  9:21  Zergling x4  
  134  9:27  Grooved Spines  
  134  9:28  Drone x3  
  134  9:29  Queen  
  139  9:37  Drone x3  
  139  9:38  Drone x3  
  145  9:46  Overlord x3  
  145  9:48  Zergling x2  
  145  9:52  Baneling x6  
  146  9:53  Baneling x4  
  146  10:00  Extractor  
  146  10:01  Extractor  
  146  10:04  Drone x3  
  146  10:05  Drone x3  
  150  10:08  Hatchery  
  150  10:11  Zergling x8  
  150  10:12  Zergling x6, Hydralisk x4  
  163  10:30  Zergling x4, Hydralisk x5  
  163  10:31  Zergling x12, Hydralisk  
  163  10:32  Zergling x2  
  171  10:48  Hydralisk x2  
  171  10:49  Zergling x8, Hydralisk  
  173  10:51  Zerg Ground Armor Level 2  
  173  10:53  Zerg Melee Weapons Level 2  
  161  11:06  Zergling x8  
  161  11:07  Zergling x12  
  161  11:09  Zergling x2  
  165  11:14  Zergling x4  
  165  11:15  Baneling x2  
  165  11:16  Baneling x7  
  165  11:17  Baneling x7  
  165  11:18  Baneling x3  
  167  11:26  Infestation Pit  
  167  11:28  Drone  
  167  11:29  Drone x2  
  169  11:40  Queen  
  169  11:43  Hydralisk x2  
  169  11:44  Zergling x10, Hydralisk  
  169  11:45  Zergling x14  
  169  11:46  Zergling x6  
  160  12:11  Zergling x2  
  160  12:12  Zergling x32  
  170  12:20  Hydralisk x2  
  170  12:21  Zergling x12, Hydralisk  
  170  12:32  Hive  
  170  12:35  Spire  
  169  12:37  Drone  
  169  12:41  Extractor, Drone  
  169  12:42  Drone x2  
  169  12:43  Zergling x8, Hydralisk x2  
  169  12:44  Zergling x4  
  182  12:45  Baneling  
  182  12:46  Baneling x15  
  170  13:06  Drone  
  170  13:07  Drone x2  
  161  13:14  Drone x7  
  160  13:25  Zergling x4, Hydralisk x5  
  160  13:26  Zergling x12, Hydralisk x2  
  181  13:29  Overlord  
  181  13:30  Overlord x3  
  181  13:47  Queen x2  
  185  13:53  Baneling x5  
  185  13:54  Baneling, Zergling x10  
  185  13:55  Zergling x2  
  180  13:56  Viper x3  
  189  14:02  Ultralisk Cavern  
  189  14:03  Zerg Melee Weapons Level 3  
  189  14:04  Zerg Ground Armor Level 3  
  189  14:05  Zergling x18  
  189  14:06  Zergling x2  
  189  14:08  Drone  
  199  14:25  Extractor  
  198  14:32  Zergling x4, Hatchery  
  170  14:58  Zergling x2, Ultralisk x2  
  170  14:59  Zergling x32  
  199  15:02  Chitinous Plating  
  199  15:06  Overseer  
  199  15:07  Overseer  
  184  15:33  Viper x2  
  189  15:35  Ultralisk  
  189  15:36  Zergling x8, Ultralisk  
  178  15:55  Hydralisk  
  178  15:56  Zergling x8, Hydralisk x4  
  178  15:57  Zergling x14  
  186  15:58  Zergling x2  
  186  16:02  Ultralisk x2  
  186  16:03  Zergling x2, Ultralisk  
  189  16:09  Extractor  
  186  16:16  Zergling x10  
  186  16:17  Zergling x6  
  194  16:31  Drone x2  
  176  16:47  Baneling  
  176  16:50  Baneling x7  
  176  16:51  Baneling x7  
  176  16:52  Baneling x2  
  176  16:53  Baneling x3, Anabolic Synthesis  
  176  16:54  Corruptor  
  176  16:55  Corruptor x7  
  176  16:58  Corruptor  
  176  17:01  Zergling x10  
  196  17:02  Zergling x2  
  200  17:14  Zerg Flyer Weapons Level 1  
  122  18:06  Corruptor  
  122  18:07  Corruptor x5  
  122  18:09  Ultralisk  
  122  18:10  Zergling x2, Ultralisk  
  122  18:11  Zergling x40  
  122  18:12  Zergling x4  
  141  18:17  Ultralisk x2  
  144  18:27  Extractor  
  144  18:28  Extractor  
  144  18:30  Drone x2  
  144  18:42  Corruptor x6  
  155  19:05  Zergling x2, Ultralisk x2  
  155  19:06  Zergling x38  
  174  19:10  Corruptor  
  174  19:12  Zergling x8  
  180  19:28  Overseer x2  
  180  19:29  Overseer  
  180  19:35  Baneling  
  180  19:36  Baneling x15  
  180  19:43  Drone  
  180  19:47  Corruptor x2  
  180  19:48  Corruptor  
  180  19:52  Zergling x4  
  188  19:53  Zergling x14  
  188  19:54  Zergling x10  
  153  20:16  Zergling x4  
  153  20:17  Zergling x12, Ultralisk x2  
  153  20:18  Zergling x8  
  153  20:29  Zergling x8, Ultralisk  
  156  20:49  Zergling x2, Ultralisk x2  
  164  20:50  Zergling x8  
  164  20:56  Zergling x10  
  168  20:58  Baneling x3  
  168  20:59  Baneling x2  
  155  21:30  Zergling x8, Ultralisk x2  
  155  21:31  Zergling x6  
  129  21:59  Ultralisk x2  
  129  22:00  Baneling  
  121  22:01  Baneling x4  
  117  22:10  Overseer x2  
  117  22:11  Zergling x2  
  117  22:12  Zergling x12  
  121  22:21  Viper x2  
  119  22:54  Zergling x4, Ultralisk x3  
  132  23:10  Zergling x2  
  132  23:11  Zergling x6, Ultralisk  
  132  23:12  Zergling x2  
  137  23:17  Zergling x6  
  140  23:30  Zergling x4, Ultralisk  
  119  23:54  Zergling x6  
  119  23:55  Zergling x10, Ultralisk  
  126  23:56  Zergling x2  
  103  24:25  Zergling x8, Ultralisk x2  
  103  24:26  Zergling x4  
  103  24:28  Overseer  
  121  24:39  Zergling x10  
  121  24:40  Zergling x4  
  128  24:53  Baneling x2  
  128  24:54  Baneling x4  
  128  24:58  Zergling x4, Ultralisk  
  137  25:00  Zergling x2  
  128  25:17  Ultralisk  
Show
View Real Time Build Order
Export as new Build Order

MarineKing Terran - Winner!

Build Orders: Reaper Expand, Hellion Banshee 

Get SALT Encoding   

  12  0:00  SCV  
  13  0:12  SCV  
  14  0:18  Supply Depot  
  14  0:24  SCV  
  15  0:40  SCV, Barracks  
  16  0:45  Refinery  
  16  0:52  SCV  
  17  1:04  SCV  
  18  1:16  SCV  
  19  1:28  Orbital Command, Reaper  
  20  1:42  Command Center  
  20  1:54  SCV  
  21  1:59  Supply Depot  
  21  2:00  Marine  
  22  2:06  SCV  
  23  2:10  Factory  
  23  2:14  Refinery  
  23  2:24  SCV  
  23  2:25  Barracks Reactor  
  24  2:36  SCV  
  25  2:48  SCV  
  26  2:55  Starport  
  26  3:00  SCV  
  26  3:05  Orbital Command  
  26  3:13  SCV  
  26  3:14  Barracks Tech Lab, Hellion x2  
  31  3:25  SCV  
  32  3:31  SCV  
  33  3:37  SCV, Hellion x2  
  33  3:39  Cloaking Field  
  33  3:40  Banshee  
  41  3:43  Barracks Tech Lab, SCV  
  42  3:50  SCV  
  42  3:53  Supply Depot  
  43  3:55  SCV  
  43  3:59  Hellion  
  46  4:11  Supply Depot  
  46  4:14  Marine, Stimpack  
  46  4:15  SCV x2, Hellion  
  51  4:19  Barracks  
  51  4:20  Barracks  
  51  4:23  Banshee  
  54  4:32  SCV  
  54  4:33  SCV  
  56  4:45  Hellion x2  
  58  4:50  SCV x2  
  60  4:53  Refinery  
  60  5:06  SCV x2, Command Center  
  62  5:12  Refinery  
  62  5:16  Barracks Reactor x2  
  62  5:18  Engineering Bay  
  62  5:20  Engineering Bay, Armory  
  59  5:35  Medivac  
  61  5:37  Medivac  
  61  5:38  Supply Depot  
  49  5:44  SCV x2  
  49  5:45  Supply Depot  
  51  5:52  Siege Tank, Marine x2  
  56  6:04  SCV x2  
  58  6:06  Marine x2  
  58  6:07  Marauder, Supply Depot  
  62  6:14  Terran Infantry Armor Level 1, Terran Infantry Weapons Level 1  
  62  6:15  Marine x2  
  62  6:16  SCV x2  
  66  6:21  Barracks  
  66  6:22  Orbital Command  
  66  6:25  Marine x2  
  68  6:28  Marauder, SCV x2  
  55  6:54  Marauder, Marine x4  
  55  6:58  SCV x3  
  64  7:08  Siege Tank, Barracks  
  64  7:09  Barracks x2, Barracks Reactor  
  64  7:10  SCV x3  
  64  7:12  Barracks  
  70  7:16  Marine x3  
  70  7:22  SCV x3  
  76  7:23  Supply Depot  
  76  7:30  Medivac x2  
  76  7:31  Marine x2  
  76  7:34  SCV x3  
  85  7:37  Supply Depot  
  85  7:39  Marine  
  85  7:40  Siege Tank, Marine x2  
  91  7:46  SCV  
  91  7:49  Marine  
  93  7:51  Marine  
  93  7:52  Marine x2  
  93  7:56  SCV x2, Supply Depot  
  93  7:57  Marine x2  
  93  7:58  Supply Depot  
  100  8:01  SCV, Supply Depot  
  101  8:07  Refinery  
  101  8:09  Refinery  
  101  8:10  Marauder, Barracks Reactor  
  101  8:11  Barracks Tech Lab, Barracks Reactor x2  
  101  8:12  Marine x2  
  103  8:13  Marine x2  
  103  8:19  SCV x3  
  110  8:22  Supply Depot  
  110  8:25  Supply Depot  
  110  8:27  Marine x2  
  110  8:28  Medivac x2  
  110  8:30  Marine  
  110  8:31  SCV x2  
  119  8:37  Factory  
  119  8:41  Marine x4  
  119  8:42  Marauder  
  119  8:43  SCV x2  
  127  8:54  Marine x3  
  127  8:55  Marine x6  
  131  8:59  Marine x4  
  122  9:23  Marine x6  
  122  9:24  Siege Tank, Marine x8  
  122  9:25  Factory Reactor  
  122  9:26  Medivac x2  
  132  9:34  Command Center  
  132  9:42  Marine x3, Supply Depot  
  132  9:43  Marauder, Terran Infantry Weapons Level 2  
  132  9:44  Supply Depot  
  137  9:46  Supply Depot  
  137  9:50  Terran Infantry Armor Level 2  
  137  9:56  Siege Tank  
  137  9:58  Combat Shield  
  140  10:04  Marine x8  
  140  10:05  Marine x6  
  154  10:22  Marine  
  155  10:31  Widow Mine x2, Marine x2  
  155  10:32  Marine x6  
  155  10:33  Siege Tank  
  155  10:34  Medivac x2, Marine  
  155  10:35  Marine x3  
  130  11:10  Marine  
  130  11:11  Marine x13  
  126  11:12  Widow Mine x2, Siege Tank  
  126  11:13  Medivac x2  
  126  11:15  Planetary Fortress  
  126  11:17  Missile Turret  
  126  11:18  SCV x3  
  148  11:28  Marine x4  
  148  11:29  Marine x2  
  148  11:30  SCV x3  
  156  11:33  Supply Depot  
  156  11:34  Widow Mine x2, Supply Depot  
  156  11:36  Marine  
  156  11:37  Marine x4, Missile Turret  
  165  11:44  Siege Tank  
  136  12:10  Marine  
  136  12:11  Marine x13  
  146  12:21  Widow Mine x2, Medivac  
  152  12:28  Marine x4  
  154  12:30  Marine x6  
  154  12:31  Marine x4  
  164  12:38  Widow Mine, Medivac  
  164  12:42  Widow Mine  
  170  12:46  Marine x4  
  170  12:48  Marine x3  
  170  12:51  Medivac  
  177  12:53  Command Center  
  177  13:05  Marine x4  
  177  13:08  Marine  
  177  13:09  Marine x9  
  190  13:18  Widow Mine x2, Thor  
  178  13:23  Marine  
  177  13:27  Marauder  
  177  13:28  Marauder  
  177  13:32  Refinery  
  177  13:33  Terran Infantry Armor Level 3, Terran Infantry Weapons Level 3, Refinery  
  181  13:38  Command Center  
  181  13:39  Widow Mine, Barracks x2  
  179  13:44  Starport  
  178  13:49  Marauder  
  176  13:57  Drilling Claws  
  176  13:58  Liberator x2, Marine  
  176  13:59  Marine x6  
  183  14:13  Siege Tank  
  183  14:14  Widow Mine x2  
  183  14:15  Marine  
  183  14:16  Marine x3  
  198  14:34  Marine  
  198  14:35  Marine  
  200  14:39  Starport  
  173  14:57  Widow Mine x2  
  173  14:58  Widow Mine  
  175  15:06  Marine x3  
  175  15:07  Marauder, Marine x9  
  178  15:08  Marauder  
  178  15:12  Terran Vehicle Weapons Level 1  
  169  15:24  Siege Tank, Widow Mine x2, Marine x2  
  169  15:25  Starport Reactor  
  169  15:26  Starport Reactor  
  159  15:29  Marauder x2  
  159  15:34  Marine x8  
  159  15:35  Marine  
  153  15:48  Marine x3  
  140  15:50  Marauder, Marine  
  140  15:51  Widow Mine x2  
  140  15:52  Marine x9  
  140  15:56  Siege Tank  
  139  16:05  Medivac x2  
  139  16:06  Medivac x2, Marine x3  
  139  16:08  Starport Tech Lab, Marine  
  150  16:12  Marine x3  
  150  16:14  Barracks Tech Lab x2  
  151  16:20  Planetary Fortress  
  151  16:27  Marine x11  
  151  16:30  Marine x3  
  151  16:31  Liberator  
  151  16:32  Liberator x3  
  165  16:46  Marauder x2  
  167  16:50  Viking  
  167  16:52  Orbital Command  
  181  16:54  Fusion Core  
  181  17:06  Widow Mine x3  
  187  17:12  Missile Turret x2  
  187  17:16  Marauder  
  187  17:17  Marauder x3  
  187  17:20  Viking  
  192  17:29  Widow Mine x3  
  198  17:31  Viking  
  200  17:37  Sensor Tower, Missile Turret  
  200  17:38  Missile Turret  
  200  17:40  Missile Turret  
  141  18:05  Liberator x2  
  117  18:11  Marauder x4, Marine x7  
  117  18:12  Marine x2  
  113  18:13  SCV x2  
  113  18:14  SCV  
  113  18:19  Marine  
  116  18:20  Marine x2  
  116  18:21  Medivac x3  
  116  18:24  Advanced Ballistics  
  130  18:29  Marine x4  
  130  18:32  Marauder x2  
  130  18:34  Liberator x2  
  138  18:44  Widow Mine x2, Siege Tank, Marine  
  138  18:45  Marine x9  
  155  18:48  SCV x2  
  155  18:49  SCV  
  155  18:52  Marine x4  
  155  18:53  Marauder  
  155  18:54  Marauder  
  169  19:00  Ghost Academy  
  167  19:03  Marauder  
  167  19:08  Marine x3  
  167  19:09  Marine x6  
  176  19:10  Marine x2  
  176  19:12  Widow Mine  
  176  19:13  Widow Mine  
  176  19:15  Marauder x2  
  186  19:20  SCV  
  187  19:25  Marauder, Marine x2  
  187  19:26  Marine x4  
  187  19:27  Marauder  
  197  19:36  Marauder  
  199  19:41  Refinery  
  199  19:44  Refinery  
  199  19:54  Command Center, Marine  
  130  20:22  Marine x7  
  130  20:23  Marauder x2  
  134  20:30  Marine x7  
  141  20:39  Medivac x3, Marine  
  141  20:40  Marine x2  
  146  20:44  Marauder x2  
  146  20:49  Marauder, Marine  
  136  20:50  Marine x9  
  136  20:55  Command Center  
  145  20:57  Marine  
  145  20:58  Marine x2  
  145  21:01  Widow Mine x3  
  154  21:06  Marauder x2, Medivac  
  154  21:07  Marine, Raven  
  154  21:08  Marauder, Medivac, Marine  
  154  21:10  Marauder  
  170  21:24  Marine  
  166  21:27  Marauder x2  
  124  21:53  Marine x4  
  124  21:54  Marauder x4, Marine x5  
  131  21:58  SCV x3  
  131  22:11  Planetary Fortress  
  131  22:14  Marine  
  131  22:15  Marauder x2, Marine x7  
  142  22:16  Marauder x2, Marine  
  148  22:24  Widow Mine x3  
  148  22:25  SCV x2  
  148  22:27  Medivac  
  148  22:28  Medivac  
  166  22:37  Marauder x3  
  164  22:46  Orbital Command  
  157  23:02  Orbital Command  
  157  23:03  Marauder x3  
  151  23:14  SCV x2  
  151  23:15  SCV  
  155  23:22  Marine x3  
  157  23:32  Missile Turret  
  157  23:35  Widow Mine x3  
  137  23:53  Sensor Tower  
  117  23:59  Marine x4  
  117  24:00  Marauder, Marine x6  
  117  24:01  Marauder x3  
  130  24:06  Marine x2  
  126  24:17  Marine x2  
  116  24:21  Marauder, Marine  
  116  24:22  Marauder, Marine x9  
  116  24:24  Liberator x3, Marine  
  121  24:25  Liberator  
  121  24:27  Bunker  
  121  24:28  Bunker  
  121  24:29  Marine  
  121  24:31  Bunker  
  123  24:34  Marine  
  123  24:35  Marine  
  125  24:39  Marine, Raven  
  125  24:40  Marauder, Marine x4  
  125  24:41  Marauder  
  125  24:42  Marine x2  
  125  24:43  Marauder x2, Marine x2  
  156  24:49  SCV x2  
  156  24:52  SCV  
  159  25:02  Marauder x2  
  159  25:03  Marine x5  
  159  25:04  Marauder, Marine x7  
  159  25:05  Marauder  
  177  25:21  Marine x7  
  177  25:22  Marine  
  177  25:23  Marauder  
  177  25:24  Unknown  
  174  25:37  Marine x3  
  174  25:40  Marine x2  
  161  25:45  Marine  
  161  25:46  Marauder x2, Marine x4  
  161  25:47  Marauder  
  160  25:50  Marine x3  
  160  25:54  Marine  
Tags
 
Add a new tag
Caveats
  • Supply blocks, unpowered buildings, or Contaminate may cause inaccurate times.
  • Supply counts are checked every 10 seconds.